 Dungeon Crawl Stone Soup version 0.32-a0-779-g362cfcae2a (webtiles) character file.

Game seed: 2100241304712081580

331 Dordric the Slasher (level 6, -6/44 HPs)
             Began as a Coglin Gladiator on Mar 20, 2024.
             Killed by nerve-wracking pain
             ... invoked by Grinder
              (9 damage)
             ... on level 5 of the Dungeon.
             The game lasted 00:01:58 (1511 turns).

Dordric the Slasher (Coglin Gladiator)              Turns: 1511, Time: 00:01:59

Health: -6/44      AC:  7    Str: 14    XL:     6   Next: 52%
Magic:  6/6        EV: 10    Int:  7    God:
Gold:   54         SH:  0    Dex: 18    Spells: 5/5 levels left

rFire   . . .        a - +0 long sword {Tiberia}
rCold   . . .        f - +0 dagger {Hilda}
rNeg    . . .        q - +0 ring mail
rPois   .            c - +0 helmet
rElec   .            (no cloak)
rCorr   .            o - +0 pair of gloves
SInv    .            (no boots)
Will    .....        (amulet unavailable)
Stlth   +            (ring unavailable)
HPRegen 0.27/turn    (ring unavailable)
MPRegen 0.10/turn    (no gizmo)

%: no passive effects
@: revving
A: off-hand wielding, slow wielding, warmup strikes, no jewellery
a: Invent Gizmo


You were on level 5 of the Dungeon.
You visited 1 branch of the dungeon, and saw 4 of its levels.

You collected 54 gold pieces.

Inventory:

Hand Weapons
 a - a +0 long sword (weapon) {Tiberia}
 f - a +0 dagger (offhand) {Hilda}
Missiles
 e - a javelin
Armour
 b - a +0 leather armour
 c - a +0 helmet (worn)
 o - a +0 pair of gloves (worn)
 q - a +0 ring mail (worn)
Wands
 s - a wand of light (5)
Scrolls
 i - 2 scrolls of amnesia {unknown}
 j - 3 scrolls of poison {unknown}
 k - 4 scrolls of identify {unknown}
 m - 3 scrolls of teleportation {unknown}
 p - a scroll of enchant weapon {unknown}
 r - a scroll of revelation {unknown}
Potions
 g - a potion of ambrosia {unknown}
 h - a potion of cancellation {unknown}
 l - a potion of invisibility {unknown}
 n - a potion of degeneration {unknown}


   Skills:
 - Level 2.0 Fighting
 + Level 7.1 Long Blades
 - Level 1.7 Throwing
 - Level 2.6 Dodging


You had 5 spell levels left.
You didn't know any spells.
Your spell library contained the following spells:

 Spells                   Type           Power      Damage    Failure   Level
 Mercury Vapours          Alch/Air       0%         N/A       82%         2
 Mephitic Cloud           Conj/Alch/Air  0%         N/A       96%         3
 Freezing Cloud           Conj/Ice/Air   0%         6-21      100%        5


Dungeon Overview and Level Annotations

Branches:
Dungeon (3/15)

Altars:

Shops:
D:2 :

Annotations:
D:5 Grinder


Innate Abilities, Weirdness & Mutations

You can wield a second weapon in your off-hand.
It takes a long time for you to wield or remove held weapons.
Your first few attacks do less damage.
You cannot equip rings or amulets.


Message History

You hit Grinder with your +0 long sword.
You slash Grinder with your +0 long sword!
Grinder is heavily wounded.
You hit Grinder with your +0 dagger. Grinder gestures at you.
You suddenly lose the ability to move!
Grinder hits you.
You writhe in agony.
Grinder hits you.
* * * LOW HITPOINT WARNING * * *
You writhe in agony.
* * * LOW HITPOINT WARNING * * *
Grinder hits you but does no damage. Grinder hits you.
* * * LOW HITPOINT WARNING * * *
You writhe in agony.
* * * LOW HITPOINT WARNING * * *
You can move again.
Unknown command.
Throw: 2 throwing nets
Press: ? - help, Q - select action, (/) - cycle Shift-Dir - straight line, f - Grinder
Aim: Grinder (heavily wounded, 55% to hit)
You throw a throwing net. The throwing net hits Grinder.
Grinder is caught in the net!
Grinder is heavily wounded.
Grinder blinks!
As you open the door, it creaks loudly!
Grinder blinks!
There is an open door here.
Throw: throwing net
Press: ? - help, Q - select action, (/) - cycle Shift-Dir - straight line, f/p - Grinder
Aim: Grinder (heavily wounded, 55% to hit)
You throw a throwing net. The throwing net hits Grinder.
Grinder is caught in the net!
Grinder is heavily wounded.
Grinder struggles against the net.
You are too injured to fight recklessly!
Grinder gestures at you. Pain shoots through your body!
You die...
Grinder says, "Now the real fun starts!"

############...#
#.........##.).#
#.#######.##...###### ####
#.#...>.).................
##.#.##..#.##....#### .S...
......#..#.##......# ......
.#.####..#.##...##.##......
.#.......#.##..5##.........
.#.........###..@'.........
....##.....# #†###..$..(...
...........# #.# #.....####
...........###.# #.....#
...#...#.#..##.# #.....#
...'...+....##.# #.....#
...#...#.##..#.# #.....#
.###...#.##....# ####### .#
#...#.##.#..#####


You could see Grinder (caught).

Vanquished Creatures
  Eustachio (D:5)
  2 bombardier beetles (D:5)
  Ijyb (D:5)
  6 adders
  2 dart slugs
  A ribbon worm (D:2)
  2 ball pythons
  3 bats
  2 endoplasms (D:2)
  2 giant cockroaches
  4 goblins
  3 hobgoblins
  3 jackals (D:2)
  5 frilled lizards
  3 kobolds (D:1)
  2 rats
42 creatures vanquished.

Notes
Turn   | Place    | Note
-------+----------+-------------------------------------------
     0 | D:1      | Dordric the Coglin Gladiator began the quest for the Orb.
     0 | D:1      | Reached XP level 1. HP: 16/16 MP: 1/1
     2 | D:1      | Noticed a vine stalker
     2 | D:1      | Noticed a spriggan
     4 | D:1      | Noticed a naga
     4 | D:1      | Noticed a barachi
     6 | D:1      | Noticed a demonspawn
     6 | D:1      | Noticed a vampire
     8 | D:1      | Noticed a merfolk
     8 | D:1      | Noticed a gargoyle
    10 | D:1      | Noticed a demigod
    12 | D:1      | Noticed a draconian
    12 | D:1      | Noticed an oni
    14 | D:1      | Noticed a djinni
    16 | D:1      | Noticed a human
    16 | D:1      | Noticed a dwarf
    18 | D:1      | Noticed an elf
    18 | D:1      | Noticed an octopode
    20 | D:1      | Noticed a tengu
    20 | D:1      | Noticed a troll
    22 | D:1      | Noticed a formicid
    22 | D:1      | Noticed a minotaur
    24 | D:1      | Noticed an armataur
    24 | D:1      | Noticed a felid
    28 | D:1      | Noticed a ghoul
   218 | D:1      | Reached XP level 2. HP: 22/22 MP: 2/2
   618 | D:2      | Reached skill level 4 in Long Blades
   618 | D:2      | Reached XP level 3. HP: 27/27 MP: 3/3
   847 | D:2      | Found Aladdoge's Book Shop.
   882 | D:2      | Reached XP level 4. HP: 33/33 MP: 4/4
  1205 | D:3      | You fall into a shaft and drop 2 floors!
  1205 | D:5      | Entered Level 5 of the Dungeon
  1226 | D:5      | Noticed Eustachio
  1243 | D:5      | Killed Eustachio
  1244 | D:5      | Reached skill level 6 in Long Blades
  1244 | D:5      | Reached XP level 5. HP: 33/38 MP: 5/5
  1292 | D:5      | Reached XP level 6. HP: 44/44 MP: 6/6
  1344 | D:5      | Noticed Ijyb
  1365 | D:5      | Killed Ijyb
  1366 | D:5      | Reached skill level 7 in Long Blades
  1481 | D:5      | Noticed Grinder
  1500 | D:5      | Paralysed by Grinder for 4 turns
  1504 | D:5      | HP: 1/44 [Grinder (4)]
  1511 | D:5      | Killed from afar by Grinder

Illustrated notes

Levels and vault maps discovered:
D:1:      kb_arrival_jail, layout_basic, minivault_23
D:2:      layout_rooms, serial_shops, nicolae_shop_tiny_statue_garden
D:3:      layout_loops_ring, evilmike_ruin_ashenzari, vehumet_statue,
          uniq_sigmund
D:5:      layout_basic, minmay_temple_entry_proselytizer, uniq_grinder,
          uniq_crazy_yiuf_cottage, uniq_eustachio, uniq_ijyb

Skill      XL: |  1  2  3  4  5  6 |
---------------+-------------------+-----
Long Blades    | 4 6 7 |  7.1
Fighting       | |  2.0
Throwing       | |  1.7
Dodging        | |  2.6

Action                     |  1- 3 |  4- 6 || total
---------------------------+-------+-------++-------
  Melee: Long sword        |    45 |    50 ||    95
         Dagger            |    33 |    52 ||    85
  Throw: Throwing net      |       |     5 ||     5
   Stab: Sleeping          |     1 |       ||     1
         Held in net/web   |       |     2 ||     2
 Armour: Leather armour    |    20 |     8 ||    28
         Ring mail         |       |    49 ||    49
  Dodge: Dodged            |    23 |    40 ||    63

Table legend: (Time is in decaauts)
 A = Elapsed time spent in this place.
 B = Non-inter-level travel time spent in this place.
 C = Inter-level travel time spent in this place.
 D = Time resting spent in this place.
 E = Time spent auto-exploring this place.
 F = Levels seen in this place.
 G = Mean time per level.
                   A        B        C        D        E       F      G
               +--------+--------+--------+--------+--------+-----+--------+
         Total |   1510 |   1456 |     54 |      0 |   1151 |   4 |  377.5 |
       Dungeon |   1510 |   1456 |     54 |      0 |   1151 |   4 |  377.5 |
               +--------+--------+--------+--------+--------+-----+--------+

Top non-repeatable levels by time:
     D:1: 612 daAuts
     D:2: 562 daAuts
     D:5: 303 daAuts
     D:3: 31 daAuts
